 Dungeon Crawl Stone Soup version 0.31-a0-210-gccc998df9b (webtiles) character file.

Game seed: 8421482652146020482

317 pokeman the Magician (level 6, 0/34 HPs)
             Began as a Deep Elf Hedge Wizard on June 30, 2023.
             Slain by Grinder (1 damage)
             ... while paralysed by Grinder
             ... on level 3 of the Dungeon.
             The game lasted 00:09:39 (3963 turns).

pokeman the Magician (Deep Elf Hedge Wizard)        Turns: 3963, Time: 00:09:40

Health: 0/34       AC:  6    Str:  7    XL:     6   Next: 20%
Magic:  6/17       EV:  2    Int: 21    God:
Gold:   147        SH:  0    Dex: 14    Spells: 10/18 levels left

rFire   . . .        p - +2 short sword (drain)
rCold   . . .        (no shield)
rNeg    . . .        b - +0 robe
rPois   .            o - +2 helmet
rElec   .            m - +0 cloak
rCorr   .            (no gloves)
SInv    .            (no boots)
Will    .....        (no amulet)
Stlth   ++           (no ring)
HPRegen 0.25/turn    (no ring)
MPRegen 0.15/turn

%: no passive effects
@: paralysed
A: no striking features
a: no special abilities


You were on level 3 of the Dungeon.
You visited 1 branch of the dungeon, and saw 4 of its levels.

You collected 147 gold pieces.

Inventory:

Hand Weapons
 p - a +2 short sword of draining (weapon)
Armour
 b - a +0 robe (worn)
 m - a +0 cloak (worn)
 n - a +0 buckler
 o - a +2 helmet (worn)
Wands
 g - a wand of flame (20)
Scrolls
 f - 5 scrolls of identify {unknown}
 h - 2 scrolls of enchant weapon {unknown}
 i - a scroll of fear {unknown}
 j - a scroll of summoning {unknown}
 s - a scroll of revelation {unknown}
Potions
 a - a potion of cancellation {unknown}
 c - a potion of brilliance {unknown}
 d - a potion of magic
 e - a potion of lignification {unknown}
 k - 3 potions of heal wounds {unknown}
 l - 2 potions of berserk rage {unknown}
 q - a potion of mutation {unknown}
 r - 2 potions of attraction {unknown}


   Skills:
 - Level 1.0 Fighting
 - Level 1.0 Armour
 - Level 3.0 Dodging
 - Level 3.0 Stealth
 + Level 0.9 Shields
 * Level 6.6 Spellcasting
 + Level 2.9 Conjurations
 + Level 1.1 Summonings
 - Level 1.1 Translocations
 - Level 1.2 Air Magic
 - Level 1.3 Poison Magic
 - Level 1.1 Evocations


You had 10 spell levels left.
You knew the following spells:

 Your Spells              Type           Power      Damage    Failure   Level
a - Magic Dart            Conj           76%        1d6       2%          1
b - Mephitic Cloud        Conj/Pois/Air  14%        N/A       13%         3
c - Call Imp              Summ           22%        N/A       9%          2
d - Blink                 Tloc           22%        N/A       9%          2

Your spell library contained the following spells:

 Spells                   Type           Power      Damage    Failure   Level
 Slow                     Hex            24%        N/A       10%         1
 Cigotuvi's Dreadful Rot  Necr/Pois/Air  20%        N/A       10%         2
 Gell's Gravitas          Tloc           11%        N/A       17%         3
 Teleport Other           Tloc           11%        N/A       17%         3
 Summon Lightning Spire   Summ/Air       11%        N/A       50%         4
 Animate Armour           Summ/Erth      18%        N/A       58%         4
 Blade Hands              Tmut           3%         N/A       95%         5
 Dispersal                Tloc           5%         N/A       100%        6


Dungeon Overview and Level Annotations

Branches:
Dungeon (4/15)
 Temple: D:4-7

Altars:

Annotations:
D:3 Grinder


Message History

Confirm with . or Enter, or press ? or * to list all spells.
Aiming: Magic Dart (safe; 2% risk of failure)
Press: ? - help, Shift-Dir - straight line, f/p - Grinder
Aim: Grinder (moderately wounded, 100% to hit)
The magic dart hits Grinder but does no damage.
Grinder is moderately wounded.
Grinder hits you.
You writhe in agony.
Casting: Magic Dart (safe; 2% risk of failure)
Confirm with . or Enter, or press ? or * to list all spells.
Aiming: Magic Dart (safe; 2% risk of failure)
Press: ? - help, Shift-Dir - straight line, f/p - Grinder
Aim: Grinder (moderately wounded, 100% to hit)
The magic dart hits Grinder.
Grinder is moderately wounded.
Grinder hits you but does no damage.
Casting: Magic Dart (safe; 2% risk of failure)
Confirm with . or Enter, or press ? or * to list all spells.
Aiming: Magic Dart (safe; 2% risk of failure)
Press: ? - help, Shift-Dir - straight line, f/p - Grinder
Aim: Grinder (moderately wounded, 100% to hit)
The magic dart hits Grinder.
Grinder is moderately wounded.
Grinder hits you but does no damage.
Casting: Magic Dart (safe; 2% risk of failure)
Confirm with . or Enter, or press ? or * to list all spells.
Aiming: Magic Dart (safe; 2% risk of failure)
Press: ? - help, Shift-Dir - straight line, f/p - Grinder
Aim: Grinder (moderately wounded, 100% to hit)
The magic dart hits Grinder but does no damage.
Grinder is moderately wounded.
Grinder gestures at you.
You suddenly lose the ability to move!
Grinder hits you.
You writhe in agony.
Grinder hits you.
You writhe in agony.
Grinder hits you.
* * * LOW HITPOINT WARNING * * *
You writhe in agony.
* * * LOW HITPOINT WARNING * * *
Grinder hits you.
You die...

########..# #.###...♣♣~
........#.# #.......♣♣~
.....#..#.# #####....♣P
.†....##..# #....♣~ ..........#
#.....~ ..#..###### #......
....#######################......
....###.............~~~.>.......#
....#PPPP......5@..~..~~........#
.....P~~~~~..........~....(.....#
....~~P~P~~~P..........(...######
....PP♣♣♣P~P...............######
..P.~~♣ ♣♣~................##...'
..P.P♣♣ ♣~~.########.......#..###
....~P♣♣♣P.## #.).....'.## #
...PP~♣PP~.# #.......####
##...~~~.~.###### #..........#


You could see Grinder.

Vanquished Creatures
  Edmund (D:4)
  A hound (D:4)
  An orc priest (D:3)
  Robin (D:3)
  An adder (D:3)
  3 worms
  3 dart slugs
  3 orcs (D:3)
  5 ball pythons
  6 bats
  5 endoplasms
  2 giant cockroaches
  19 goblins
  15 hobgoblins
  6 jackals
  12 kobolds
  2 quokkas (D:3)
  A frilled lizard (D:2)
  10 rats
97 creatures vanquished.

Notes
Turn   | Place    | Note
-------+----------+-------------------------------------------
     0 | D:1      | pokeman the Deep Elf Hedge Wizard began the quest for the
                  | Orb.
     0 | D:1      | Reached XP level 1. HP: 10/10 MP: 7/7
   232 | D:1      | Reached XP level 2. HP: 16/16 MP: 1/9
   674 | D:1      | Reached skill level 5 in Spellcasting
   875 | D:1      | Reached XP level 3. HP: 20/20 MP: 8/11
   879 | D:1      | Learned a level 3 spell: Mephitic Cloud
   882 | D:1      | Learned a level 2 spell: Call Imp
   885 | D:1      | Learned a level 2 spell: Blink
  1091 | D:1      | Found a faded altar of an unknown god.
  1335 | D:2      | Reached skill level 1 in Armour
  1510 | D:2      | Reached skill level 1 in Fighting
  2441 | D:2      | You fall into a shaft and drop 1 floor!
  2462 | D:3      | Reached XP level 4. HP: 25/25 MP: 9/13
  2524 | D:3      | Noticed Robin
  2531 | D:3      | Killed Robin
  3019 | D:3      | Reached XP level 5. HP: 29/29 MP: 13/15
  3066 | D:3      | Reached skill level 6 in Spellcasting
  3568 | D:4      | Noticed a water moccasin
  3727 | D:4      | Noticed Edmund
  3767 | D:4      | Killed Edmund
  3768 | D:4      | Reached skill level 1 in Air Magic
  3768 | D:4      | Reached skill level 1 in Poison Magic
  3768 | D:4      | Reached skill level 1 in Evocations
  3768 | D:4      | Reached XP level 6. HP: 24/34 MP: 1/17
  3901 | D:4      | Noticed Grinder
  3959 | D:3      | Paralysed by Grinder for 5 turns
  3962 | D:3      | HP: 1/34 [Grinder (5)]
  3963 | D:3      | Slain by Grinder

Illustrated notes

Levels and vault maps discovered:
D:1:      saegor_arrival_fortress, layout_basic,
          shapermc_ecumenical_altar_pompeii
D:2:      layout_basic
D:3:      layout_basic, serial_bayou, serial_bayou_pond_e, serial_bayou_pond_c,
          serial_bayou_shore_b, serial_bayou_ford_a, minmay_misc_feat_iff,
          minmay_curled_crystal, grunt_decor_junction, uniq_robin
D:4:      layout_basic, lemuel_zombie_altar_yredelemnul, minmay_bisected,
          uniq_edmund, uniq_grinder, uniq_sigmund

Skill      XL: |  1  2  3  4  5 |
---------------+----------------+-----
Spellcasting   | 5 6 |  6.6
Armour         | 1 |  1.0
Conjurations   | 2 |  2.9
Fighting       | 1 |  1.0
Dodging        | 3 |  3.0
Stealth        | 3 |  3.0
Air Magic      | 1 |  1.2
Poison Magic   | 1 |  1.3
Evocations     | 1 |  1.1
Shields        | |  0.9
Summonings     | |  1.1
Translocations | |  1.1

Action                     |  1- 3 |  4- 6 || total
---------------------------+-------+-------++-------
  Melee: Dagger            |    11 |       ||    11
         Short sword       |    12 |    51 ||    63
   Cast: Magic Dart        |   120 |    88 ||   208
         Mephitic Cloud    |       |     7 ||     7
         Call Imp          |       |     3 ||     3
         Blink             |       |     1 ||     1
   Stab: Confused          |       |     7 ||     7
 Armour: Robe              |     8 |    22 ||    30
  Dodge: Dodged            |    29 |    45 ||    74

Table legend: (Time is in decaauts)
 A = Elapsed time spent in this place.
 B = Non-inter-level travel time spent in this place.
 C = Inter-level travel time spent in this place.
 D = Time resting spent in this place.
 E = Time spent auto-exploring this place.
 F = Levels seen in this place.
 G = Mean time per level.
                   A        B        C        D        E       F      G
               +--------+--------+--------+--------+--------+-----+--------+
         Total |   3974 |   3923 |     51 |     24 |   3304 |   4 |  993.5 |
       Dungeon |   3974 |   3923 |     51 |     24 |   3304 |   4 |  993.5 |
               +--------+--------+--------+--------+--------+-----+--------+

Top non-repeatable levels by time:
     D:1: 1320 daAuts
     D:3: 1149 daAuts
     D:2: 1119 daAuts
     D:4: 384 daAuts
